 Dungeon Crawl Stone Soup version 0.21.1-1-g345015f (webtiles) character file.

324 Inchmeat the Spear-Bearer (level 6, 29/44 HPs)
             Began as a Gnoll Wanderer on June 14, 2018.
             Quit the game on level 4 of the Dungeon.
             The game lasted 00:05:29 (3663 turns).

Inchmeat the Spear-Bearer (Gnoll Wanderer)          Turns: 3663, Time: 00:05:30

Health: 29/44      AC:  4    Str: 15    XL:     6   Next: 48%
Magic:  9/14       EV: 12    Int: 15    God:
Gold:   233        SH:  0    Dex: 15    Spells: 11/15 levels left

rFire    + . .     SeeInvis .   a - +2 spear
rCold    . . .     Gourm    .   (no shield)
rNeg     . . .     Faith    .   l - +0 leather armour
rPois    .         Spirit   .   (no helmet)
rElec    .         Reflect  .   (no cloak)
rCorr    .         Harm     .   n - +0 pair of gloves
MR       .....                  (no boots)
Stlth    +++.......             (no amulet)
HPRegen  0.14/turn              d - ring of protection from fire
MPRegen  0.14/turn              (no ring)

@: no status effects
A: distributed training, fangs 1, strong nose
a: no special abilities


You were on level 4 of the Dungeon.
You were near starving.

You visited 1 branch of the dungeon, and saw 4 of its levels.

You collected 233 gold pieces.

Inventory:

Hand Weapons
 a - a +2 spear (weapon)
 e - a +0 dagger
Missiles
 m - 100 stones (quivered)
Armour
 l - a +0 leather armour (worn)
 n - a +0 pair of gloves (worn)
Jewellery
 d - a ring of protection from fire (left hand)
Scrolls
 h - a scroll of immolation {unknown}
 j - 2 scrolls of remove curse {@r2}
 p - a scroll of fog {unknown}
 q - 3 scrolls of random uselessness {unknown}
 t - a scroll of identify {@r1}
Potions
 b - a potion of lignification
 g - 2 potions of might
 i - a potion of cancellation {unknown}
 k - 2 potions of resistance
 o - 3 potions of invisibility
 r - a potion of curing {@q1}
 s - a potion of agility
 w - a potion of heal wounds {unknown}
Books
 c - the Almanac of the Rocks

   Spells                             Type                      Level
   a - Sandblast                      Earth                        1
   b - Stone Arrow                    Conjuration/Earth            3
Comestibles
 f - 7 rations


   Skills:
 + Level 2.0 Fighting
 + Level 2.0 Short Blades
 + Level 2.0 Long Blades
 + Level 2.0 Axes
 + Level 2.0 Maces & Flails
 + Level 8.7 Polearms
 + Level 2.0 Staves
 + Level 2.0 Slings
 + Level 2.0 Bows
 + Level 2.0 Crossbows
 + Level 3.2 Throwing
 + Level 2.0 Armour
 + Level 2.0 Dodging
 + Level 4.6 Stealth
 + Level 2.0 Shields
 + Level 2.0 Unarmed Combat
 + Level 5.3 Spellcasting
 + Level 1.5 Conjurations
 + Level 1.5 Hexes
 + Level 1.5 Charms
 + Level 1.5 Summonings
 + Level 1.5 Necromancy
 + Level 1.5 Translocations
 + Level 1.5 Transmutations
 + Level 1.5 Fire Magic
 + Level 1.5 Ice Magic
 + Level 1.5 Air Magic
 + Level 2.6 Earth Magic
 + Level 1.5 Poison Magic
 + Level 2.1 Invocations
 + Level 2.0 Evocations


You had 11 spell levels left.
You knew the following spells:

 Your Spells              Type           Power        Failure   Level  Hunger
a - Sandblast             Erth           ##....       6%          1    None
b - Stone Arrow           Conj/Erth      ##....       24%         3    ###....


Dungeon Overview and Level Annotations

Branches:
Dungeon (4/15)
 Temple: D:4-7

Altars:
Fedhas

Annotations:
D:4 1 transporter


Innate Abilities, Weirdness & Mutations

Your experience applies equally to all skills.
You have very sharp teeth.
Your uncanny sense of smell can sniff out nearby items.


Message History

Yer Crossbows skill increases ta level 2!
Yer Armour skill increases ta level 2!
Yer Dodgin' skill increases ta level 2!
Yer Shields skill increases ta level 2!
Yer Unarmed Combat skill increases ta level 2!
Yer Evocations skill increases ta level 2!
m - 100 stones Ye start restin'.
A jelly comes inta view.
A jelly be nearby!
A jelly be nearby!
Thin's tha be 'ere: a dagger; a robe; an orc corpse Nay target in view!
Castin': Sandblast Confirm wit' . or Enter, or press ? or * ta list all spells.
Ye cannae see any susceptible monsters within range! (Use Z ta cast anyway.) Unknown command.
Ye start restin'.
Ye be near starvin'!
Be ye sure ye want ta abandon 'tis character an' quit tha game? (Confirm wit' "aye".)

#. #............
#.##............
#.........$....!
##..........# #
#...........# ...
##............#
....#####...##........#
...........####.....#..
......[.@<## #....## .
..........# ##...#
......##..# ..## ......
##.# ..# ..##. #.. # #.
##(# # .. ###


There were no monsters in sight!

Vanquished Creatures
  A scorpion (D:4)
  An orc wizard (D:4)
  A centaur skeleton (D:4)
  A hound (D:4)
  Ijyb (D:3)
  7 adders
  2 oozes
  5 worms
  2 dart slugs (D:1)
  3 leopard geckos
  3 orcs
  3 ball pythons
  2 giant cockroaches
  5 goblins
  12 hobgoblins
  3 quokkas
  8 bats
  7 frilled lizards
  6 kobolds
  8 rats
81 creatures vanquished.

Notes
Turn   | Place    | Note
-------+----------+-------------------------------------------
     0 | D:1      | Inchmeat the Gnoll Wanderer began the quest for the Orb.
     0 | D:1      | Inchmeat set off with: a +2 spear, a potion of lignification, the Almanac of the Rocks, a +0 robe, a +0 dagger, a ration
     0 | D:1      | Reached XP level 1. HP: 13/13 MP: 6/6
     0 | D:1      | Identified the Almanac of the Rocks
    73 | D:1      | Learned a level 1 spell: Sandblast
    88 | D:1      | Reached XP level 2. HP: 16/19 MP: 7/7
   701 | D:1      | Reached XP level 3. HP: 25/25 MP: 9/9
   919 | D:1      | Reached skill level 5 in Spellcasting
   924 | D:1      | Learned a level 3 spell: Stone Arrow
  1197 | D:2      | Reached skill level 1 in Invocations
  1296 | D:2      | Reached skill level 1 in Fighting
  1296 | D:2      | Reached skill level 1 in Short Blades
  1296 | D:2      | Reached skill level 1 in Long Blades
  1296 | D:2      | Reached skill level 1 in Axes
  1296 | D:2      | Reached skill level 1 in Maces & Flails
  1296 | D:2      | Reached skill level 1 in Staves
  1296 | D:2      | Reached skill level 1 in Slings
  1296 | D:2      | Reached skill level 1 in Bows
  1296 | D:2      | Reached skill level 1 in Crossbows
  1296 | D:2      | Reached skill level 1 in Armour
  1296 | D:2      | Reached skill level 1 in Dodging
  1296 | D:2      | Reached skill level 1 in Shields
  1296 | D:2      | Reached skill level 1 in Unarmed Combat
  1296 | D:2      | Reached skill level 1 in Evocations
  1450 | D:2      | Reached XP level 4. HP: 26/32 MP: 8/11
  1802 | D:2      | Reached skill level 1 in Conjurations
  1802 | D:2      | Reached skill level 1 in Hexes
  1802 | D:2      | Reached skill level 1 in Charms
  1802 | D:2      | Reached skill level 1 in Summonings
  1802 | D:2      | Reached skill level 1 in Necromancy
  1802 | D:2      | Reached skill level 1 in Translocations
  1802 | D:2      | Reached skill level 1 in Transmutations
  1802 | D:2      | Reached skill level 1 in Fire Magic
  1802 | D:2      | Reached skill level 1 in Ice Magic
  1802 | D:2      | Reached skill level 1 in Air Magic
  1802 | D:2      | Reached skill level 1 in Poison Magic
  2161 | D:2      | Found a blossoming altar of Fedhas.
  2280 | D:2      | Reached XP level 5. HP: 34/37 MP: 12/12
  2637 | D:3      | Noticed Ijyb
  2647 | D:3      | Killed Ijyb
  3332 | D:4      | Found a transporter.
  3340 | D:4      | Reached XP level 6. HP: 24/44 MP: 13/13
  3663 | D:4      | Quit the game

Skill      XL: |  1  2  3  4  5  6 |
---------------+-------------------+-----
Earth Magic    | 2 |  2.6
Spellcasting   | 5 |  5.3
Invocations    | 1 2 |  2.1
Fighting       | 1 2 |  2.0
Short Blades   | 1 2 |  2.0
Long Blades    | 1 2 |  2.0
Axes           | 1 2 |  2.0
Maces & Flails | 1 2 |  2.0
Staves         | 1 2 |  2.0
Slings         | 1 2 |  2.0
Bows           | 1 2 |  2.0
Crossbows      | 1 2 |  2.0
Armour         | 1 2 |  2.0
Dodging        | 1 2 |  2.0
Shields        | 1 2 |  2.0
Unarmed Combat | 1 2 |  2.0
Evocations     | 1 2 |  2.0
Conjurations   | 1 |  1.5
Hexes          | 1 |  1.5
Charms         | 1 |  1.5
Summonings     | 1 |  1.5
Necromancy     | 1 |  1.5
Translocations | 1 |  1.5
Transmutations | 1 |  1.5
Fire Magic     | 1 |  1.5
Ice Magic      | 1 |  1.5
Air Magic      | 1 |  1.5
Poison Magic   | 1 |  1.5
Throwing       | 3 |  3.2
Polearms       | |  8.7
Stealth        | |  4.6

Action                   |  1- 3 |  4- 6 || total
-------------------------+-------+-------++-------
Melee: Spear             |    90 |   151 ||   241
       Bite              |     5 |    10 ||    15
       Punch             |     1 |     3 ||     4
 Cast: Sandblast         |     3 |    23 ||    26
  Use: Scroll            |       |     4 ||     4
       Potion            |       |     4 ||     4
 Stab: Sleeping          |     6 |    15 ||    21
  Eat: Chunk             |     1 |     6 ||     7
Armor: Leather armour    |     7 |    16 ||    23
       Robe              |     1 |       ||     1
Dodge: Dodged            |    28 |    36 ||    64
